 Dungeon Crawl Stone Soup version 0.21-a0-228-g14ccbf3 (webtiles) character file.

4113 motkurip the Sneak (level 10, -18/91 HPs)
             Began as a Naga Wanderer on Aug 31, 2017.
             Was a Priest of Cheibriados.
             Demolished by a two-headed ogre
             ... wielding a +0 giant spiked club
              (24 damage)
             ... on level 9 of the Dungeon.
             The game lasted 00:37:29 (8741 turns).

motkurip the Sneak (Naga Wanderer)                  Turns: 8741, Time: 00:37:30

Health: -18/91     AC:  5    Str: 24    XL:     10   Next: 26%
Magic:  12/12      EV:  8    Int: 17    God:    Cheibriados [***...]
Gold:   234        SH: 12    Dex: 18    Spells: 9/9 levels left

rFire    . . .     SeeInvis +   R - +3 trident (venom)
rCold    . . .     Gourm    .   q - +1 shield {reflect}
rNeg     . . .     Faith    .   d - +0 robe (curse)
rPois    +         Spirit   .   J - +1 hat
rElec    .         Reflect  +   y - scarf {repulsion}
rCorr    .         Harm     .   (no gloves)
MR       +....                  (no barding)
Stlth    ++++......             (no amulet)
HPRegen  0.25/turn              (no ring)
MPRegen  0.13/turn              (no ring)

@: repel missiles, very slow
A: see invisible, deformed body, poison resistance, slowness 2, slow metabolism
1, spit poison 1, AC +3
a: Spit Poison, Bend Time, Temporal Distortion, Renounce Religion


You were on level 9 of the Dungeon.
You worshipped Cheibriados.
Cheibriados was most pleased with you.
You were hungry.

You visited 2 branches of the dungeon, and saw 10 of its levels.

You collected 459 gold pieces.
You spent 225 gold pieces at shops.

Inventory:

Hand Weapons
 a - a +2 hand crossbow
 E - a +0 hunting sling
 R - a +3 trident of venom (weapon)
Missiles
 b - 69 bolts
 k - 265 stones (quivered)
 x - 2 throwing nets
 z - 8 needles of confusion
 D - 24 sling bullets
 T - 17 poisoned needles
Armour
 d - a cursed +0 robe (worn)
 q - a +1 shield of reflection (worn)
 y - a scarf of repulsion (worn)
 J - a +1 hat (worn)
Wands
 c - a wand of iceblast (7/15)
 l - a wand of disintegration (7/24)
 L - a wand of scattershot (6/9)
Scrolls
 m - a scroll of random uselessness {unknown}
 o - a scroll of immolation
 p - 2 scrolls of amnesia
 s - 8 scrolls of remove curse
 t - a scroll of enchant armour {unknown}
 w - 2 scrolls of enchant weapon {unknown}
 A - 3 scrolls of teleportation
 I - a scroll of magic mapping {unknown}
 M - a scroll of recharging {unknown}
 N - a scroll of noise {unknown}
 O - a scroll of identify {unknown}
Potions
 g - 3 potions of degeneration {unknown}
 h - a potion of mutation {unknown}
 i - 5 potions of flight {unknown}
 n - 2 potions of agility {unknown}
 u - 2 potions of curing {unknown}
 v - a potion of might {unknown}
 B - 3 potions of heal wounds {unknown}
 C - a potion of invisibility {unknown}
 F - a potion of haste
 G - 2 potions of magic {unknown}
 H - a potion of berserk rage {unknown}
 S - a potion of lignification {unknown}
Books
 e - a book of Clouds

   Spells                             Type                      Level
   a - Poisonous Vapours              Poison/Air                   2
   b - Mephitic Cloud                 Conjuration/Poison/Air       3
   c - Conjure Flame                  Conjuration/Fire             3
   d - Freezing Cloud                 Conjuration/Ice/Air          6
   e - Ring of Flames                 Charms/Fire                  7
 K - a book of Misfortune

   Spells                             Type                      Level
   a - Confusing Touch                Hexes                        1
   b - Confuse                        Hexes                        3
   c - Gell's Gravitas                Translocation                3
   d - Petrify                        Transmutation/Earth          4
   e - Metabolic Englaciation         Hexes/Ice                    5
   f - Yara's Violent Unravelling     Hexes/Transmutation          5
 P - a book of Geomancy

   Spells                             Type                      Level
   a - Sandblast                      Earth                        1
   b - Passwall                       Transmutation/Earth          2
   c - Stone Arrow                    Conjuration/Earth            3
   d - Petrify                        Transmutation/Earth          4
   e - Lee's Rapid Deconstruction     Earth                        5
Comestibles
 f - 9 bread rations
 j - 7 meat rations
 Q - 2 royal jellies


   Skills:
 - Level 6.1 Fighting
 + Level 6.9 Polearms
 - Level 6.1 Crossbows
 - Level 1.0 Throwing
 - Level 1.0 Armour
 - Level 7.1 Stealth
 + Level 6.3 Shields
   Level 3.0 Necromancy
 - Level 3.0 Invocations


You had 9 spell levels left.
You didn't know any spells.

Dungeon Overview and Level Annotations

Branches:
Dungeon (9/15)             Temple (1/1) D:6            Lair (0/6) D:8
    Orc: D:9-12

Altars:
Ashenzari
Cheibriados
Dithmenos
Elyvilon
Fedhas
Gozag
Hepliaklqana
Kikubaaqudgha
Makhleb
Nemelex Xobeh
Okawaru
Qazlal
Ru
Sif Muna
Trog
Vehumet
Xom
Yredelemnul
Zin
The Shining One

Shops:
D:6 *

Annotations:
D:5 1 exclusion


Innate Abilities, Weirdness & Mutations

You cannot wear boots.
Your serpentine skin is tough. (AC +3)
You have supernaturally acute eyesight. (SInv)
Armour fits poorly on your strangely shaped body.
Your system is resistant to poisons. (rPois)
You cover ground very slowly.
You have a slow metabolism.
You can spit poison.


Message History

You hit the two-headed ogre.
The two-headed ogre is poisoned.
The two-headed ogre is moderately wounded.
The two-headed ogre hits you with a giant spiked club!!
The two-headed ogre hits you with a giant club!!
* * * LOW HITPOINT WARNING * * *
Unknown command.
Okay, then.
Okay, then.
Okay, then.
Okay, then.
Unknown command.
Okay, then.
Okay, then.
You hit the two-headed ogre.
The two-headed ogre is moderately wounded.
You have got your breath back.
The two-headed ogre hits you with a giant spiked club!
* * * LOW HITPOINT WARNING * * *
The two-headed ogre hits you with a giant club!!
You die...

#.....##.
######.##.###.
##..........##.
#...........##.
#..............
#..####.##..###
# #..# #.##..#
##.####..##
#.##..#
#.!O@.....#
#......
#.....####...#
#....... #..#.
#...# ####..#..
# .. #...#
#..... .. #...#
## ......?
####.....
#....!.
####....


You could see a two-headed ogre.

Vanquished Creatures
  Pikel (D:6)
  Grinder (D:3)
  2 hippogriffs (D:7)
  2 orc warriors
  2 black bears
  2 phantoms
  8 ogres
  3 centaurs
  2 big kobolds (D:5)
  A gnoll sergeant (D:7)
  4 bullfrogs
  2 howler monkeys
  A crimson imp (D:5)
  A bullfrog zombie (D:7)
  4 hounds
  A jelly (D:5)
  5 orc priests
  4 orc wizards
  An iguana (D:6)
  8 worker ants
  A hound skeleton (D:5)
  6 adders
  11 gnolls
  3 shadow imps
  2 oozes (D:2)
  2 adder skeletons
  3 worms
  2 dart slugs
  6 leopard geckos
  22 orcs
  A ball python (D:3)
  4 bats
  5 giant cockroaches
  6 goblins
  7 hobgoblins
  3 jackals (D:1)
  11 kobolds
  5 quokkas
  8 frilled lizards
  2 goblin skeletons (D:6)
  A goblin zombie (D:6)
  4 hobgoblin zombies
  3 kobold zombies (D:6)
  A leopard gecko zombie (D:5)
  2 orc skeletons (D:6)
  2 orc zombies (D:6)
  A quokka zombie (D:7)
  6 rats
185 creatures vanquished.

Vanquished Creatures (others)
  2 slaves (D:6)
  A centaur (D:8)
  3 orcs (D:6)
  11 toadstools (D:5)
17 creatures vanquished.

Grand Total: 202 creatures vanquished

Notes
Turn   | Place    | Note
-------+----------+-------------------------------------------
     0 | D:1      | motkurip the Naga Wanderer began the quest for the Orb.
     0 | D:1      | motkurip set off with: a +2 hand crossbow, 23 bolts, a +0 ring mail, 7 poisoned needles, a +0 blowgun, a bread ration
     0 | D:1      | Reached XP level 1. HP: 21/21 MP: 1/1
   186 | D:1      | Reached skill level 2 in Stealth
   439 | D:1      | Reached skill level 3 in Stealth
   443 | D:1      | Reached XP level 2. HP: 24/28 MP: 2/2
   969 | D:2      | Reached skill level 4 in Stealth
  1125 | D:2      | Reached XP level 3. HP: 34/34 MP: 3/3
  1489 | D:2      | Reached XP level 4. HP: 44/44 MP: 4/4
  2297 | D:3      | Found a burning altar of Makhleb.
  2635 | D:3      | Found a deep blue altar of Sif Muna.
  2701 | D:3      | Noticed Grinder
  2710 | D:3      | Killed Grinder
  2710 | D:3      | Reached XP level 5. HP: 30/50 MP: 5/5
  2710 | D:3      | Reached XP level 6. HP: 34/57 MP: 6/6
  2953 | D:4      | Reached skill level 5 in Crossbows
  2953 | D:4      | Reached XP level 7. HP: 32/64 MP: 7/7
  3393 | D:4      | Found an ancient bone altar of Kikubaaqudgha.
  3540 | D:4      | Found a bloodstained altar of Trog.
  4106 | D:5      | Entered Level 5 of the Dungeon
  4379 | D:5      | Reached skill level 5 in Stealth
  4425 | D:5      | Reached skill level 6 in Stealth
  4485 | D:5      | Reached skill level 5 in Fighting
  4485 | D:5      | Reached XP level 8. HP: 68/74 MP: 8/8
  4539 | D:5      | Noticed a slime creature
  4735 | D:5      | Reached skill level 1 in Polearms
  4735 | D:5      | Reached skill level 7 in Stealth
  5137 | D:6      | Found a shadowy altar of Dithmenos.
  5574 | D:6      | Found a glowing golden altar of the Shining One.
  6289 | D:6      | Reached skill level 5 in Polearms
  6289 | D:6      | Reached XP level 9. HP: 72/82 MP: 9/9
  6413 | D:6      | Found a staircase to the Ecumenical Temple.
  6419 | Temple   | Entered the Ecumenical Temple
  6428 | Temple   | Became a worshipper of Cheibriados the Contemplative
  6471 | D:6      | Noticed Pikel
  6485 | D:6      | Killed Pikel
  6506 | D:6      | Found Nuakkiv's Assorted Antiques.
  6517 | D:6      | Bought a glowing shield for 225 gold pieces
  6733 | D:7      | Reached skill level 1 in Shields
  6968 | D:7      | Reached * piety under Cheibriados
  7633 | D:7      | Reached skill level 5 in Shields
  7701 | D:7      | Reached ** piety under Cheibriados
  7759 | D:7      | Reached XP level 10. HP: 91/91 MP: 12/12
  7821 | D:7      | Found a blossoming altar of Fedhas.
  8175 | D:8      | Found a glowing silver altar of Zin.
  8176 | D:8      | Found a sacrificial altar of Ru.
  8230 | D:8      | Found a staircase to the Lair.
  8471 | D:8      | Reached *** piety under Cheibriados
  8738 | D:9      | Noticed a two-headed ogre
  8741 | D:9      | Demolished by a two-headed ogre

Vault maps used:
D:1:      nicolae_arrival_washed_ashore, minmay_tetromino_s2
D:3:      old_standard_altar, bloody_makhleb, first_bread, uniq_grinder
D:4:      black_bear_nest_1, bloody_trog, kiku_gazebo_pond_becter
D:5:      cheibrodos_fertilizer
D:6:      nicolae_tso_besieged_by_evil, minmay_temple_entry_enclosed_plants,
          serial_shops, shop, grunt_dithmenos_shadows, uniq_pikel
D:7:      kennysheep_mini_moat, grunt_ogre_cave
D:8:      nicolae_overflow_hidden_temple, lair_entry_dummy, serial_curves,
          eino_curves_02, eino_curves_01, eino_curves_02
D:9:      zombieorc2_lemuel
Temple:   cyrus_circular_temple

Skill      XL: |  1  2  3  4  5  6  7  8  9 10 |
---------------+-------------------------------+-----
Stealth        | 3 4 6 7 |  7.1
Fighting       | 4 5 6 |  6.1
Crossbows      | 4 5 6 |  6.1
Polearms       | 5 6 |  6.9
Invocations    | 3 |  3.0
Shields        | 5 6 |  6.3
Throwing       | |  1.0
Armour         | |  1.0
Necromancy     | |  3.0

Action                   |  1- 3 |  4- 6 |  7- 9 | 10-12 || total
-------------------------+-------+-------+-------+-------++-------
Melee: Mace              |     5 |       |     5 |       ||    10
       Dagger            |       |    10 |    39 |       ||    49
       Trident           |       |       |   161 |    51 ||   212
 Fire: Blowgun           |    10 |       |       |       ||    10
       Hand crossbow     |    18 |    23 |   106 |     9 ||   156
       Hunting sling     |       |       |    36 |     2 ||    38
Throw: Stone             |       |       |     2 |       ||     2
 Abil: Spit Poison       |    28 |    20 |    62 |     9 ||   119
  Use: Scroll            |       |     2 |     2 |     1 ||     5
 Stab: Sleeping          |       |       |       |     2 ||     2
  Eat: Chunk             |     3 |     5 |    11 |     2 ||    21
       Royal jelly       |       |       |     2 |       ||     2
Armor: Robe              |     1 |       |    36 |     5 ||    42
       Ring mail         |       |    16 |    45 |       ||    61
Dodge: Dodged            |     7 |    13 |   105 |    10 ||   135
       Deflected         |       |     1 |     6 |     3 ||    10
Block: Shield            |       |       |    16 |    22 ||    38
       Reflection        |       |       |     2 |     7 ||     9

Table legend:
 A = Spawn XP
 B = Non-spawn XP
 C = Spawn XP percentage of total XP
 D = Spawn monster count
 E = Non-spawn monster count
 F = Spawn count percentage of total count
 G = Total turns spent on level
                    A         B        C        D         E        F      G
               +---------+---------+-------+---------+---------+-------+---------
         Total |    1119 |    4758 |  19.0 |      34 |     152 |  18.3 |  8741
               +---------+---------+-------+---------+---------+-------+---------
           D:1 |       9 |      27 |  25.0 |       8 |      17 |  32.0 |  1426
           D:2 |      12 |      49 |  19.7 |       2 |      15 |  11.8 |   752
           D:3 |       6 |     436 |   1.4 |       2 |      13 |  13.3 |   866
           D:4 |      44 |     348 |  11.2 |       4 |       5 |  44.4 |  1262
           D:5 |     116 |     637 |  15.4 |       1 |      21 |   4.5 |   736
           D:6 |     327 |    1429 |  18.6 |       5 |      38 |  11.6 |  2139
           D:7 |     373 |    1250 |  23.0 |       7 |      30 |  18.9 |   759
           D:8 |     232 |     458 |  33.6 |       5 |      10 |  33.3 |   701
           D:9 |       0 |     124 |   0.0 |       0 |       3 |   0.0 |    81
               +---------+---------+-------+---------+---------+-------+---------
